 Dungeon Crawl Stone Soup version 0.28.0 (webtiles) character file.

Game seed: 6734629991589690964

1458 zeram the Shield-Bearer (level 8, 0/50 HPs)
             Began as a Gargoyle Fighter on Feb 18, 2022.
             Killed from afar by an electric eel (3 damage)
             ... with a bolt of electricity
             ... on level 6 of the Dungeon.
             The game lasted 00:07:30 (7719 turns).

zeram the Shield-Bearer (Gargoyle Fighter)          Turns: 7719, Time: 00:07:30

Health: 0/50       AC: 18    Str: 22    XL:     8   Next: 76%
Magic:  8/8        EV:  6    Int:  9    God:
Gold:   458        SH: 12    Dex:  9    Spells: 7/7 levels left

rFire   . . .      SeeInvis .   a - +3 flail
rCold   . . .      Faith    .   c - +2 buckler
rNeg    + . .      Spirit   .   l - +0 plate armour
rPois   ∞          Reflect  +   (no helmet)
rElec   +          Harm     .   (no cloak)
rCorr   +          Rampage  .   (no gloves)
Will    .....                   (no boots)
Stlth   ..........              j - amulet of reflection
HPRegen 0.16/turn               h - ring of resist corrosion
MPRegen 0.11/turn               (no ring)

@: mighty, studying Shields
A: sickness immunity, AC +5, negative energy resistance 1, electricity
resistance, torment resistance 1, petrification resistance
a: no special abilities


You were on level 6 of the Dungeon.
You visited 2 branches of the dungeon, and saw 7 of its levels.

You collected 458 gold pieces.

Inventory:

Hand Weapons
 a - a +3 flail (weapon)
Armour
 b - a +0 scale mail
 c - a +2 buckler (worn)
 l - a +0 plate armour (worn)
Jewellery
 h - a ring of resist corrosion (left hand)
 j - an amulet of reflection (around neck)
 m - an amulet of regeneration
 q - a ring of ice
Wands
 k - a wand of charming (5)
 o - a wand of mindburst (13)
Scrolls
 e - a scroll of immolation {unknown}
Potions
 f - 2 potions of mutation {unknown}
 g - a potion of attraction
 n - a potion of brilliance {unknown}


   Skills:
 + Level 5.4 Fighting
 + Level 6.8 Maces & Flails
 + Level 6.4 Armour
 + Level 2.2 Dodging
 + Level 6.9 Shields


You had 7 spell levels left.
You didn't know any spells.
Your spell library contained the following spells:

 Spells                   Type           Power      Damage    Failure   Level
 Ensorcelled Hibernation  Hex/Ice        0%         N/A       100%        2
 Passwall                 Tmut/Erth      0%         N/A       100%        2
 Swiftness                Air            0%         N/A       100%        3


Dungeon Overview and Level Annotations

Branches:
Dungeon (6/15)             Temple (1/1) D:4

Altars:
Ashenzari
Cheibriados
Dithmenos
Elyvilon
Fedhas
Gozag
Kikubaaqudgha
Makhleb
Nemelex Xobeh
Okawaru
Qazlal
Ru
Sif Muna
Trog
Uskayaw
Vehumet
Wu Jian
The Shining One


Innate Abilities, Weirdness & Mutations

You are immune to sickness and miasma.
Your stone body is resilient. (AC +5)
You are immune to poison.
You resist negative energy. (rN+)
You are resistant to electric shocks. (rElec)
You are resistant to unholy torment.
You are immune to petrification.


Message History

The electric eel shoots out a bolt of lightning at you!
The bolt of electricity hits the electric eel.
The electric eel completely resists.
The bolt of electricity hits you. You resist.
* * * LOW HITPOINT WARNING * * *
You barely miss the electric eel.
The electric eel is almost dead.
The electric eel shoots out a bolt of lightning at you!
The bolt of electricity hits you. You resist.
* * * LOW HITPOINT WARNING * * *
The bolt of electricity hits you. You resist.
* * * LOW HITPOINT WARNING * * *
The electric eel shoots out a bolt of lightning at you!
The bolt of electricity hits the electric eel.
The electric eel completely resists.
The bolt of electricity hits you. You resist.
* * * LOW HITPOINT WARNING * * *
You feel better.
The electric eel shoots out a bolt of lightning at you!
The bolt of electricity hits the electric eel.
The electric eel completely resists.
The bolt of electricity hits you. You resist.
* * * LOW HITPOINT WARNING * * *
The electric eel shoots out a bolt of lightning at you!
The bolt of electricity misses the electric eel.
The bolt of electricity hits you. You resist.
* * * LOW HITPOINT WARNING * * *
You miss the electric eel.
The electric eel is severely wounded.
The electric eel shoots out a bolt of lightning at you!
The bolt of electricity hits you. You resist.
* * * LOW HITPOINT WARNING * * *
The bolt of electricity hits you. You resist.
* * * LOW HITPOINT WARNING * * *
Okay, then.
You thump the electric eel!
You kill the electric eel!
The electric eel shoots out a bolt of lightning at you!
The bolt of electricity hits you. You resist.
You die...

#......# #.##.#......
####..######### #.##.#.#####
##.###≈≈...### #.##.#.#####
#.##≈####..≈######.##.#.#....
#.#.## +##≈)...##.##.#.#.###
#.#.# #####..#.##..[.....
#.#.#.....##..'###.##########
#.#.#...≈P#.....#..##........
#.#†#≈≈.P(#.@...#.###.#######
#.#≈#:..)≈#P≈.≈≈#.###.###
#.#≈#≈≈.≈≈#SS.P)#.......#
#.#≈##SSS##≈)[[.#.###.#.#
#.##≈######≈≈.≈≈#.#...#.#
#..##...≈≈##≈≈≈##.#.[.#.#
##..######≈#####..###.#.#
#######......##≈≈..'......#.#####
..............######..#####.#....


You could see 2 electric eels.

Vanquished Creatures
  Sigmund (D:2)
  An acid dragon (D:6)
  An orc warrior (D:6)
  2 black bears
  An ice beast (D:6)
  An ogre (D:5)
  2 water moccasin skeletons (D:4)
  An electric eel (D:6)
  A centaur zombie (D:6)
  2 hounds
  4 orc priests
  2 iguanas (D:4)
  3 orc wizards
  2 killer bee zombies
  A hound skeleton (D:4)
  A howler monkey zombie (D:5)
  3 gnolls (D:6)
  10 adders
  An ufetubus (D:5)
  2 worms (D:2)
  4 dart slugs
  13 orcs
  11 endoplasms
  3 giant cockroaches (D:2)
  9 goblins
  7 hobgoblins
  7 kobolds
  4 quokkas
  10 ball pythons
  A bat (D:2)
  2 frilled lizards (D:3)
  7 rats
120 creatures vanquished.

Vanquished Creatures (others)
  An orc wizard (D:5)
  3 plants (D:6)
4 creatures vanquished.

Grand Total: 124 creatures vanquished

Notes
Turn   | Place    | Note
-------+----------+-------------------------------------------
     0 | D:1      | zeram the Gargoyle Fighter began the quest for the Orb.
     0 | D:1      | Reached XP level 1. HP: 14/14 MP: 1/1
    66 | D:1      | Reached XP level 2. HP: 19/19 MP: 2/2
   742 | D:1      | Reached XP level 3. HP: 4/24 MP: 3/3
  1218 | D:2      | Reached XP level 4. HP: 14/29 MP: 4/4
  1934 | D:2      | Noticed Sigmund
  1945 | D:2      | Reached XP level 5. HP: 21/33 MP: 5/5
  1949 | D:2      | Killed Sigmund
  1950 | D:2      | Reached skill level 1 in Dodging
  1950 | D:2      | Reached XP level 6. HP: 17/38 MP: 6/6
  2163 | D:2      | Found a faded altar of an unknown god.
  2511 | D:2      | Identified a scroll of acquirement
  2511 | D:2      | Acquired a manual of Shields
  3657 | D:4      | Reached skill level 5 in Armour
  3683 | D:4      | Reached XP level 7. HP: 23/44 MP: 7/7
  3924 | D:4      | Reached skill level 5 in Maces & Flails
  3933 | D:4      | Identified the +0 hunting sling "Piwy" {flame, rElec}
  3946 | D:4      | Found a staircase to the Ecumenical Temple.
  3973 | Temple   | Entered the Ecumenical Temple
  4703 | D:5      | Entered Level 5 of the Dungeon
  5165 | D:5      | Reached skill level 5 in Shields
  5262 | D:5      | Reached XP level 8. HP: 46/48 MP: 8/8
  5726 | D:5      | Found an iron altar of Okawaru.
  5962 | D:6      | Reached skill level 5 in Fighting
  6412 | D:6      | Found a shimmering blue altar of Sif Muna.
  6582 | D:6      | Found a white marble altar of Elyvilon.
  6582 | D:6      | Found a radiant altar of Vehumet.
  6804 | D:6      | Found an ornate altar of the Wu Jian Council.
  6805 | D:6      | Found a blossoming altar of Fedhas.
  6806 | D:6      | Found a stormy altar of Qazlal.
  6807 | D:6      | Found an opulent altar of Gozag.
  6848 | D:6      | Found an ancient bone altar of Kikubaaqudgha.
  6917 | D:6      | Identified the +9 spear of Pain and Death {flame, Str+5}
  7486 | D:6      | HP: 2/50 [electric eel/bolt of electricity (1)]
  7719 | D:6      | Killed from afar by an electric eel

Illustrated notes

Levels and vault maps discovered:
D:1:      lordsloth_arrival_two_stooges, layout_basic,
          chequers_serial_rivers_micro_c
D:2:      layout_loops_ring, ebering_ecumenical_altar_ruins,
          minmay_split_cup_large, uniq_sigmund
D:3:      minmay_diamond_boxcup, layout_loops_corners
D:4:      layout_rooms, minmay_temple_entry_drinking_statues
D:5:      layout_layer_cave, kennysheep_mini, serial_bayou_pond_d
D:6:      cheibrodos_two_vegetables, layout_basic, lemuel_blue_sif_altar,
          gammafunk_temple_overflow_pools, general_overflow_altar,
          mainiacjoe_overflow_alcove_3
Temple:   jpeg_temple_island

Skill      XL: |  1  2  3  4  5  6  7  8 |
---------------+-------------------------+-----
Armour         | 4 5 6 |  6.4
Maces & Flails | 3 4 6 |  6.8
Fighting       | 4 5 |  5.4
Dodging        | 1 2 |  2.2
Shields        | 4 5 6 |  6.9

Action                   |  1- 3 |  4- 6 |  7- 9 || total
-------------------------+-------+-------+-------++-------
Melee: Flail             |    79 |   142 |   209 ||   430
  Use: Scroll            |     5 |     4 |     5 ||    14
       Potion            |     1 |     1 |     5 ||     7
Armor: Scale mail        |    47 |    71 |    80 ||   198
       Plate armour      |       |       |    16 ||    16
Dodge: Dodged            |    32 |    79 |   104 ||   215
Block: Buckler           |    22 |    37 |    88 ||   147
